 Dungeon Crawl Stone Soup version 0.27-a0-899-ge2d0b17 (webtiles) character file.

Game seed: 7985244390596313829

280 Nithhogg the Skirmisher (level 6, 0/48 HPs)
             Began as a Demonspawn Fighter on Apr 5, 2021.
             Slain by Duvessa
             ... wielding a +0 short sword
              (6 damage)
             ... on level 4 of the Dungeon.
             The game lasted 00:05:12 (3060 turns).

Nithhogg the Skirmisher (Demonspawn Fighter)        Turns: 3060, Time: 00:05:13

Health: 0/48       AC:  6    Str: 18    XL:     6   Next: 5%
Magic:  6/6        EV: 10    Int:  9    God:
Gold:   67         SH:  0    Dex: 17    Spells: 5/5 levels left

rFire    . . .     SeeInvis .   a - +0 long sword
rCold    . . .     Faith    .   (no shield)
rNeg     . . .     Spirit   .   b - +0 scale mail
rPois    .         Reflect  .   (no helmet)
rElec    .         Harm     .   (no cloak)
rCorr    .         Rampage  .   (no gloves)
Will     .....                  (no boots)
Stlth    ++........             (no amulet)
HPRegen  0.16/turn              (no ring)
MPRegen  0.10/turn              (no ring)

@: no status effects
A: talons 2, thin skeletal structure 2
a: no special abilities


You were on level 4 of the Dungeon.
You visited 1 branch of the dungeon, and saw 4 of its levels.

You collected 67 gold pieces.

Inventory:

Hand Weapons
 a - a +0 long sword (weapon)
Armour
 b - a +0 scale mail (worn)
 c - a +0 kite shield
Jewellery
 i - a ring of fire
Scrolls
 e - 2 scrolls of identify {unknown}
 f - a scroll of blinking {unknown}
 j - 2 scrolls of enchant weapon {unknown}
 k - a scroll of vulnerability {unknown}
 m - a scroll of brand weapon {unknown}
 o - a scroll of immolation {unknown}
 p - 2 scrolls of torment {unknown}
 q - a scroll of noise {unknown}
Potions
 d - a potion of might
 g - a potion of heal wounds {unknown}
 h - a potion of curing {unknown}
 l - a potion of lignification {unknown}
 n - a potion of berserk rage {unknown}
 r - a potion of resistance {unknown}


   Skills:
 + Level 4.1 Fighting
 * Level 3.8 Long Blades
 + Level 3.6 Armour
 + Level 2.1 Dodging
 - Level 2.6 Shields


You had 5 spell levels left.
You didn't know any spells.
Your spell library was empty.

Dungeon Overview and Level Annotations

Branches:
Dungeon (4/15)
 Temple: D:4-7

Altars:
Ashenzari

Annotations:
D:4 Dowan, Duvessa


Innate Abilities, Weirdness & Mutations

You have razor-sharp toenails.
You have a moderately thin skeletal structure. (Dex +4, Stealth+)


Message History

Dowan gestures at you while chanting. You resist with some effort.
You strike the helpless Duvessa from behind!
You hit Duvessa. You claw Duvessa.
Duvessa is moderately wounded.
You barely miss Duvessa. You claw Duvessa, but do no damage.
Duvessa is moderately wounded.
Duvessa hits you with a +0 short sword.
Your scale mail prevents you from hitting Duvessa.
Your kick misses Duvessa.
Duvessa is moderately wounded.
Dowan says, "Stay away from my face!"
Duvessa hits you with a +0 short sword!
You hit Duvessa. Your kick misses Duvessa.
Duvessa is moderately wounded.
Duvessa closely misses you.
You barely miss Duvessa. You claw Duvessa, but do no damage.
Duvessa is moderately wounded.
Dowan mumbles some strange words.
Dowan blinks!
Duvessa hits you but does no damage.
Dowan points at you and mumbles some strange words.
The puff of frost hits you! Duvessa hits you with a +0 short sword.
You are too injured to fight recklessly!
You are too injured to fight recklessly!
You are too injured to fight recklessly!
You are too injured to fight recklessly!
You are too injured to fight recklessly!
You are too injured to fight recklessly!
You are too injured to fight recklessly!
You are too injured to fight recklessly!
You barely miss Duvessa. You claw Duvessa.
Duvessa is moderately wounded.
Dowan gestures at you while chanting. The puff of frost hits you.
Duvessa hits you with a +0 short sword!
* * * LOW HITPOINT WARNING * * *
You hit Duvessa but do no damage. You claw Duvessa.
Duvessa is heavily wounded.
Dowan gestures wildly while chanting.
Dowan blinks!
Duvessa hits you with a +0 short sword.
You die...

#....#..#
###+##..#
#.....#
####..#
#..####+#
####......#
#....######
########ยง##.#
#....e@.....#
###.####.#..#
....## ###.#
#.# #.#


You could see Duvessa.

Vanquished Creatures
  A vampire bat (D:3)
  An orc priest (D:4)
  4 adders
  An adder skeleton (D:4)
  2 worms (D:2)
  3 dart slugs
  3 fire bats (D:3)
  3 orcs
  2 spectral bats (D:3)
  9 ball pythons
  3 bat skeletons (D:3)
  A bat zombie (D:3)
  6 endoplasms
  10 goblins
  5 hobgoblins
  5 jackals (D:2)
  7 kobolds
  2 quokkas (D:3)
  14 bats
  A bat simulacrum (D:3)
  5 frilled lizards
  5 rats
93 creatures vanquished.

Notes
Turn   | Place    | Note
-------+----------+-------------------------------------------
     0 | D:1      | Nithhogg the Demonspawn Fighter began the quest for the
                  | Orb.
     0 | D:1      | Reached XP level 1. HP: 18/18 MP: 1/1
   196 | D:1      | Gained mutation: You have a somewhat thin skeletal
                  | structure. (Dex +2, Stealth) [demonic ancestry]
   196 | D:1      | Reached XP level 2. HP: 9/24 MP: 2/2
  1020 | D:2      | Gained mutation: You have a moderately thin skeletal
                  | structure. (Dex +4, Stealth+) [demonic ancestry]
  1020 | D:2      | Reached XP level 3. HP: 28/29 MP: 3/3
  1093 | D:2      | Reached skill level 1 in Dodging
  1741 | D:2      | Found a faded altar of an unknown god.
  1852 | D:3      | Gained mutation: You have sharp toenails. [demonic
                  | ancestry]
  1852 | D:3      | Reached XP level 4. HP: 35/35 MP: 4/4
  2348 | D:3      | Found a broken altar of Ashenzari.
  2451 | D:3      | Gained mutation: You have razor-sharp toenails. [demonic
                  | ancestry]
  2451 | D:3      | Reached XP level 5. HP: 42/42 MP: 5/5
  2486 | D:3      | Reached skill level 4 in Fighting
  2965 | D:4      | Reached XP level 6. HP: 37/48 MP: 6/6
  3051 | D:4      | Noticed Dowan
  3052 | D:4      | Noticed Duvessa
  3060 | D:4      | Slain by Duvessa

Illustrated notes

Levels and vault maps discovered:
D:1:      kennysheep_arrival_seaside, layout_basic
D:2:      layout_basic, basic_ecumenical_altar, minmay_misc_feat_hallway,
          st_stairs_2
D:3:      layout_loops_ring, cheibrodos_ashenzari_chains,
          minmay_misc_feat_enclosed, goddamned_bats
D:4:      layout_basic, grunt_temple_overflow_order_and_chaos_2,
          lemuel_tele_altar, nicolae_underground_beach, uniq_eustachio,
          uniq_duvessa

Skill      XL: |  1  2  3  4  5 |
---------------+----------------+-----
Long Blades    | 2 3 |  3.8
Armour         | 3 |  3.6
Dodging        | 1 2 |  2.1
Fighting       | 4 |  4.1
Shields        | |  2.6

Action                   |  1- 3 |  4- 6 || total
-------------------------+-------+-------++-------
Melee: Long sword        |   124 |    85 ||   209
       Kick              |       |    38 ||    38
 Stab: Sleeping          |     2 |     9 ||    11
       Distracted        |       |     1 ||     1
Armor: Scale mail        |    76 |    59 ||   135
Dodge: Dodged            |    55 |    72 ||   127
       Rpst.: Long sword |    18 |    23 ||    41

Table legend: (Time is in decaauts)
 A = Elapsed time spent in this place.
 B = Non-inter-level travel time spent in this place.
 C = Inter-level travel time spent in this place.
 D = Time resting spent in this place.
 E = Time spent auto-exploring this place.
 F = Levels seen in this place.
 G = Mean time per level.
                   A        B        C        D        E       F      G
               +--------+--------+--------+--------+--------+-----+--------+
         Total |   3117 |   3076 |     41 |      0 |   2489 |   4 |  779.2 |
       Dungeon |   3117 |   3076 |     41 |      0 |   2489 |   4 |  779.2 |
               +--------+--------+--------+--------+--------+-----+--------+

Top non-repeatable levels by time:
     D:3: 1120 daAuts
     D:1: 1028 daAuts
     D:2: 856 daAuts
     D:4: 112 daAuts
